 Dungeon Crawl Stone Soup version 0.30.0-29-ga12c61a403 (webtiles) character file.

Game seed: 12960214002465751728

7180 Nicoed the Severer (level 10, -5/81 HPs)
             Began as a Minotaur Fighter on June 11, 2023.
             Was a Priest of Okawaru.
             Slain by a vampire (10 damage)
             ... while paralysed by Maurice
             ... on level 9 of the Dungeon.
             The game lasted 00:14:35 (7612 turns).

Nicoed the Severer (Minotaur Fighter)               Turns: 7612, Time: 00:14:36

Health: -5/81      AC: 12    Str: 26    XL:     10   Next: 86%
Magic:  10/10      EV:  2    Int:  5    God:    Okawaru [***...]
Gold:   540        SH:  0    Dex:  9    Spells: 9/9 levels left

rFire   . . .        G - +2 war axe
rCold   . . .        e - +0 tower shield
rNeg    . . .        D - +0 chain mail
rPois   +            B - +1 hat
rElec   .            (no cloak)
rCorr   .            (no gloves)
SInv    .            (no boots)
Will    .....        q - amulet of regeneration Stlth
                     o - ring of poison resistance
HPRegen 1.13/turn    (no ring)
MPRegen 0.12/turn

%: no passive effects
@: paralysed, heroic
A: horns 2, retaliatory headbutt
a: Renounce Religion, Heroism


You were on level 9 of the Dungeon.
You worshipped Okawaru.
Okawaru was most pleased with you.
You visited 2 branches of the dungeon, and saw 10 of its levels.
You also visited: Ossuary.

You collected 540 gold pieces.

Inventory:

Hand Weapons
 G - a +2 war axe (weapon)
Armour
 e - a +0 tower shield (worn)
 B - a +1 hat (worn)
 D - a +0 chain mail (worn)
 M - an orb of mayhem
Jewellery
 m - a ring of ice
 o - a ring of poison resistance (left hand)
 q - an amulet of regeneration (around neck)
 r - an amulet of the acrobat
Wands
 d - a wand of polymorph (5)
Scrolls
 a - a scroll of fog
 c - 2 scrolls of vulnerability
 f - 3 scrolls of teleportation
 i - 3 scrolls of magic mapping
 n - 4 scrolls of enchant weapon
 u - 3 scrolls of noise
 x - a scroll of torment
 y - a scroll of immolation
Potions
 b - 2 potions of attraction {unknown}
 g - 3 potions of haste
 h - 2 potions of invisibility {unknown}
 k - 6 potions of curing
 l - 2 potions of cancellation
 p - 3 potions of resistance
 s - a potion of berserk rage
 t - 2 potions of ambrosia
 z - 3 potions of flight {unknown}
 A - a potion of mutation
 E - 2 potions of degeneration
 F - a potion of lignification
 J - a potion of might


   Skills:
 + Level 5.3(10.3) Fighting
 + Level 18.3(23.3) Axes
 + Level 5.3(10.3) Armour
 - Level 4.0(9.0) Shields
 + Level 2.6 Invocations


You had 9 spell levels left.
You didn't know any spells.
Your spell library contained the following spells:

 Spells                   Type           Power      Damage    Failure   Level
 Freeze                   Ice            0%         1d3       100%        1
 Kiss of Death            Conj/Necr      0%         2d5       100%        1
 Poisonous Vapours        Pois/Air       0%         N/A       100%        2
 Confusing Touch          Hex            0%         N/A       100%        3
 Portal Projectile        Hex/Tloc       0%         N/A       100%        3
 Dispel Undead            Necr           0%         3d6       100%        4
 Leda's Liquefaction      Hex/Erth       0%         N/A       100%        4
 Call Canine Familiar     Summ           Unusable   N/A       N/A         3

Dungeon Overview and Level Annotations

Branches:
Dungeon (9/15)             Temple (1/1) D:7            Lair (0/5) D:8
Ossuary (visited)
    Orc: D:9-12

Altars:
Cheibriados
Dithmenos
Elyvilon
Fedhas
Gozag
Hepliaklqana
Kikubaaqudgha
Makhleb
Nemelex Xobeh
Okawaru
Ru
Sif Muna
Trog
Uskayaw
Vehumet
Wu Jian
Xom
Yredelemnul

Annotations:
D:9 Maurice


Innate Abilities, Weirdness & Mutations

You have a pair of horns on your head.
You reflexively headbutt those who attack you in melee.


Message History

Unknown command.
Unknown command.
Unknown command.
You miss something. Your headbutt misses something. You barely miss something.
You slash the killer bee!
You kill the killer bee!
Okawaru accepts your kill.
Okawaru will now gift you throwing weapons as you gain piety.
You miss the killer bee. The killer bee stings you.
You hear a zap.
Something tries to affect you, but you resist.
You block the killer bee's attack.
The killer bee stings you but does no damage.
Something draws life force from you!
You closely miss something. Your headbutt misses something.
You closely miss the killer bee. You hit something but do no damage.
You miss the killer bee. You hit the killer bee.
You feel sick. The killer bee stings you.
* * * LOW HITPOINT WARNING * * *
You block the killer bee's attack. x2
You hear a zap.
You suddenly lose the ability to move!
The killer bee stings you.
* * * LOW HITPOINT WARNING * * *
The killer bee stings you.
* * * LOW HITPOINT WARNING * * *
The killer bee stings you.
* * * LOW HITPOINT WARNING * * *
You hear some strange, mumbled words.
Something tries to affect you, but you resist.
You feel sick.
You are no longer poisoned.
The killer bee stings you.
* * * LOW HITPOINT WARNING * * *
The killer bee stings you but does no damage.
The killer bee completely misses you. Something hits you but does no damage.
The killer bee stings you but does no damage.
The killer bee stings you.
* * * LOW HITPOINT WARNING * * *
The killer bee barely misses you. Something hits you!
You die...

......
.....##
##......
##....D#
#......#
##......#
#.yyy...#
#..@{...##.
#..{.......
#.......##.
#..<.......
#...........
#...........
#..##.......
#... .......
.....
.......


You could see a steam dragon and 3 killer bees.

Vanquished Creatures
  A two-headed ogre (D:8)
  2 hornets (D:8)
  7 yaks
  Sigmund (D:2)
  2 wyverns
  A wraith (Ossuary)
  A fire bat (D:4)
  A basilisk (D:8)
  2 steam dragons (D:8)
  Menkaure (D:4)
  5 water moccasins
  Duvessa (D:7)
  An ice beast (D:6)
  6 sky beasts
  2 ogres
  2 centaurs (D:8)
  A phantom (D:5)
  A kobold brigand (D:8)
  Blork the orc (D:5)
  6 bullfrogs
  2 scorpions
  5 wights (D:6)
  Dowan (D:7)
  5 killer bees
  3 electric eels (D:6)
  A howler monkey (D:6)
  4 hounds
  2 jellies (D:6)
  A gnoll bouda (D:6)
  3 orc priests
  12 orc wizards
  2 sleepcaps
  Natasha (D:2)
  2 iguanas (D:6)
  3 mummies (Ossuary)
  5 gnolls
  2 adders
  A shadow imp (D:3)
  2 white imps
  2 ufetubi
  A worm (D:2)
  2 dart slugs (D:4)
  33 orcs
  6 ball pythons
  6 endoplasms
  4 giant cockroaches
  4 goblins
  10 hobgoblins
  4 jackals (D:3)
  3 quokkas
  4 bats
  3 frilled lizards
  3 goblin zombies (Ossuary)
  4 hobgoblin zombies (Ossuary)
  9 kobolds
  2 kobold zombies (Ossuary)
  3 rats
205 creatures vanquished.

Vanquished Creatures (others)
  2 kobolds (D:8)
2 creatures vanquished.

Grand Total: 207 creatures vanquished

Notes
Turn   | Place    | Note
-------+----------+-------------------------------------------
     0 | D:1      | Nicoed the Minotaur Fighter began the quest for the Orb.
     0 | D:1      | Reached XP level 1. HP: 19/19 MP: 0/0
   204 | D:1      | Reached XP level 2. HP: 26/27 MP: 1/1
   563 | D:1      | Reached skill level 3 in Axes
   768 | D:2      | Reached XP level 3. HP: 29/33 MP: 2/2
  1154 | D:2      | Noticed Sigmund
  1173 | D:2      | Killed Sigmund
  1174 | D:2      | Reached skill level 6 in Axes
  1174 | D:2      | Reached XP level 4. HP: 35/40 MP: 3/3
  1174 | D:2      | Reached XP level 5. HP: 41/46 MP: 4/4
  1231 | D:2      | Noticed Natasha
  1237 | D:2      | Killed Natasha
  1812 | D:3      | Reached skill level 7 in Axes
  1813 | D:3      | Reached XP level 6. HP: 50/52 MP: 5/5
  2359 | D:4      | Found a shimmering altar of Xom.
  2360 | D:4      | Found a sparkling altar of Nemelex Xobeh.
  2361 | D:4      | Found a sacrificial altar of Ru.
  2361 | D:4      | Found an opulent altar of Gozag.
  2382 | D:4      | Noticed Menkaure
  2395 | D:4      | Killed Menkaure
  2396 | D:4      | Reached skill level 8 in Axes
  2508 | D:4      | Found a transporter.
  2511 | D:4      | Noticed a fire bat
  2561 | D:4      | Reached skill level 9 in Axes
  2561 | D:4      | Reached XP level 7. HP: 59/59 MP: 6/6
  2657 | D:4      | You fall into a shaft and drop 1 floor!
  2657 | D:5      | Entered Level 5 of the Dungeon
  2835 | D:4      | Found a transporter.
  3345 | D:4      | Killed a fire bat
  3346 | D:4      | Reached skill level 10 in Axes
  3519 | D:5      | Noticed Blork the orc
  3527 | D:5      | Killed Blork the orc
  3528 | D:5      | Reached skill level 11 in Axes
  3528 | D:5      | Reached XP level 8. HP: 62/66 MP: 7/7
  3989 | D:6      | Reached skill level 12 in Axes
  4046 | D:6      | Reached skill level 13 in Axes
  4067 | D:6      | Found a sand-covered staircase.
  4072 | Ossuary  | Entered an ossuary
  4472 | D:6      | Reached XP level 9. HP: 71/71 MP: 8/8
  4662 | D:6      | Reached skill level 14 in Axes
  4833 | D:6      | Identified the +1 flail "Kexijohy" {pain, rC+ Will+}
  5085 | D:6      | Reached skill level 15 in Axes
  6020 | D:7      | Found a staircase to the Ecumenical Temple.
  6031 | Temple   | Entered the Ecumenical Temple
  6039 | Temple   | Became a worshipper of Warmaster Okawaru
  6241 | D:7      | Got Paohaes's Compilation of a Hundred Visions
  6252 | D:7      | Reached skill level 16 in Axes
  6409 | D:7      | Noticed Duvessa
  6410 | D:7      | Noticed Dowan
  6420 | D:7      | Killed Duvessa
  6429 | D:7      | Killed Dowan
  6707 | D:8      | Noticed a two-headed ogre
  6751 | D:8      | Reached * piety under Okawaru
  6752 | D:8      | Reached XP level 10. HP: 68/78 MP: 9/9
  6791 | D:8      | Reached skill level 17 in Axes
  6864 | D:8      | Reached ** piety under Okawaru
  6868 | D:8      | Reached skill level 18 in Axes
  6921 | D:8      | Found a staircase to the Lair.
  6993 | D:8      | Killed a two-headed ogre
  6994 | D:8      | Reached skill level 1 in Invocations
  7161 | D:8      | Reached skill level 5 in Armour
  7185 | D:8      | Reached skill level 5 in Fighting
  7224 | D:8      | Reached *** piety under Okawaru
  7589 | D:9      | Noticed Maurice
  7597 | D:9      | Paralysed by something for 2 turns
  7611 | D:9      | Paralysed by something for 3 turns
  7612 | D:9      | Slain by a vampire

Illustrated notes

Levels and vault maps discovered:
D:1:      mushboom_english_gardens, layout_loops_ring
D:2:      layout_basic, uniq_natasha, uniq_sigmund
D:3:      layout_basic, minivault_14
D:4:      gammafunk_cloud_chamber, layout_basic, grunt_temple_overflow_open,
          uniq_menkaure
D:5:      layout_loops_ring, uniq_blork_the_orc
D:6:      cheibrodos_two_vegetables, layout_layer_cave,
          nicolae_ossuary_entry_false_entrances
D:7:      layout_rooms, minmay_temple_entry_slanted, uniq_duvessa
D:8:      layout_gridville, minmay_lair_entry_grove, chequers_arboretum
D:9:      layout_cave_pools, grunt_temple_overflow_diamond, uniq_maurice,
          uniq_joseph
Temple:   eino_narrow_crystal_temple

Skill      XL: |  1  2  3  4  5  6  7  8  9 10 |
---------------+-------------------------------+-----
Fighting       | 4 5 |  5.3
Axes           | 3 6 7 9 11 13 16 18 | 18.3
Armour         | 4 5 |  5.3
Shields        | 4 |  4.0
Invocations    | 2 |  2.6

Action                     |  1- 3 |  4- 6 |  7- 9 | 10-12 || total
---------------------------+-------+-------+-------+-------++-------
  Melee: War axe           |    68 |    89 |   352 |   119 ||   628
         Headbutt          |     4 |    16 |    45 |    12 ||    77
         Unarmed           |     1 |     9 |       |       ||    10
 Invoke: Heroism           |       |       |       |     2 ||     2
  Evoke: Wand              |       |       |    14 |     2 ||    16
    Use: Potion            |     1 |     4 |       |       ||     5
         Scroll            |       |       |    14 |     7 ||    21
 Armour: Scale mail        |    26 |    35 |    13 |       ||    74
         Skin              |    14 |       |       |       ||    14
         Chain mail        |       |       |   116 |    63 ||   179
  Dodge: Dodged            |    17 |    25 |    57 |    30 ||   129
  Block: Tower shield      |    35 |    53 |   157 |    51 ||   296
